 Dungeon Crawl Stone Soup version 0.31.0-11-ge490571c62 (webtiles) character file.

Game seed: 16805254334098167848

9682 bearlyready the Grappler (level 11, -3/78 HPs)
             Began as an Octopode Shapeshifter on Feb 5, 2024.
             Was an Initiate of Gozag.
             Slain by a vampire (14 damage)
             ... on level 10 of the Dungeon.
             The game lasted 00:22:04 (7939 turns).

bearlyready the Grappler (Octopode Shapeshifter)    Turns: 7939, Time: 00:22:05

Health: -3/78      AC:  1    Str: 17    XL:     11   Next: 50%
Magic:  20/20      EV: 19    Int: 12    God:    Gozag
Gold:   1068       SH:  0    Dex: 16    Spells: 10/10 levels left

rFire   . .          .
                       - Unarmed
rCold   . . .        (shield currently unavailable)
rNeg    + . .        (helmet restricted)
rPois   .            q - amulet of regeneration
rElec   .            m - ring of resist corrosion
rCorr   +            s - +5 ring of evasion
SInv    .            A - ring of positive energy
Will    .....        J - ring of flight
Stlth   +++          U - ring "Fesunt" {MP+9 Dex+3 Slay+3}
HPRegen 1.13/turn    (no ring)
MPRegen 0.17/turn    (no ring)
                     (no ring)

%: no passive effects
@: blade tentacles, flying, studying 2 skills
A: almost no armour, amphibious, 8 rings, camouflage 1, gelatinous body 1,
(nimble swimmer 1), tentacles
a: Begin Untransformation, Renounce Religion, Potion Petition, Call Merchant,
Bribe Branch


You were on level 10 of the Dungeon.
You worshipped Gozag.
Gozag was most pleased with you.
You had blades for main tentacles.
You visited 2 branches of the dungeon, and saw 11 of its levels.
You also visited: Ossuary.

You collected 3042 gold pieces.
You spent 1877 gold pieces at shops.
You paid 97 gold pieces to Gozag.

Inventory:

Hand Weapons
 K - the +6 shillelagh "Devastator" {shatter}
   (You found it on level 6 of the Dungeon)
Missiles
 e - 102 stones
 h - 4 atropa-tipped darts (quivered)
 B - 12 poisoned darts
 F - 9 boomerangs
 V - a curare-tipped dart
Armour
 n - an orb of guile
 z - a +0 buckler
 G - a +0 buckler
 L - a +1 cloak
 T - a scarf of invisibility
 X - a scarf of resistance
Jewellery
 m - a ring of resist corrosion (left blade tentacle)
 q - an amulet of regeneration (around mantle)
 s - a +5 ring of evasion (right blade tentacle)
 A - a ring of positive energy (on tentacle)
 J - a ring of flight (on tentacle)
 U - the ring "Fesunt" (on tentacle) {MP+9 Dex+3 Slay+3}
   (You acquired it on level 8 of the Dungeon)

   [ring of magical power]

   Dex+3:     It affects your dexterity (+3).
   Slay+3:    It affects your accuracy & damage with ranged weapons and melee
   (+3).
   MP+9:      It affects your magic capacity (+9).
Talismans
 b - a beast talisman
 c - a flux talisman
 R - a blade talisman (active)
Wands
 o - a wand of flame (23)
 x - a wand of digging (11)
 I - a wand of polymorph (10)
Scrolls
 d - a scroll of fear
 i - 5 scrolls of teleportation
 k - a scroll of amnesia
 l - 3 scrolls of vulnerability
 p - 2 scrolls of noise
 t - 3 scrolls of enchant weapon
 y - 4 scrolls of poison
 H - a scroll of enchant armour
 M - 2 scrolls of butterflies
 Q - 2 scrolls of blinking
 S - a scroll of fog {unknown}
 W - a scroll of revelation {unknown}
Potions
 a - 4 potions of lignification
 f - 2 potions of enlightenment
 g - a potion of mutation {unknown}
 j - 3 potions of curing
 r - 2 potions of ambrosia {unknown}
 u - 2 potions of magic
 v - a potion of brilliance {unknown}
 w - a potion of cancellation {unknown}
 C - a potion of degeneration {unknown}
 D - 3 potions of resistance {unknown}
 E - 7 potions of might {unknown}
 N - a potion of heal wounds {unknown}
 O - a potion of attraction {unknown}
 P - a potion of invisibility {unknown}
Miscellaneous
 Y - a condenser vane


   Skills:
 + Level 8.9 Fighting
 + Level 3.3 Dodging
 + Level 1.5 Stealth
 + Level 11.7 Unarmed Combat
 + Level 4.3 Evocations
 + Level 11.5 Shapeshifting


You had 10 spell levels left.
You didn't know any spells.
Your spell library was empty.

Dungeon Overview and Level Annotations

Branches:
Dungeon (10/15)            Temple (1/1) D:4         Ossuary (visited)
   Lair: D:8-11         Orc: D:9-12

Altars:
Ashenzari
Cheibriados
Dithmenos
Elyvilon
Fedhas
Gozag
Hepliaklqana
Kikubaaqudgha
Makhleb
Nemelex Xobeh
Okawaru
Qazlal
Ru
Sif Muna
Trog
Uskayaw
Vehumet
Wu Jian
Xom
Yredelemnul
Zin
The Shining One

Shops:
D:2 :(:[   D:3 (   D:7 :   D:10 **

Annotations:
D:9 3 runed translucent doors


Innate Abilities, Weirdness & Mutations

You have blades for main tentacles.
You are incapable of wielding weapons or throwing items.
You cannot wear most types of armour.
You are amphibious.
You can wear up to eight rings at the same time.
Your skin changes colour to match your surroundings (Stealth+).
Your rubbery body absorbs attacks. (AC +1, EV +1)
((You are camouflaged when in or above water. (Stealth+)))
You have tentacles for arms and can constrict up to eight enemies at once.


Message History

There is an open gate here.
You feel sick.
You now have 1068 gold pieces (gained 17).
You feel sick.
You feel sick.
You feel sick.
You are no longer poisoned.
There is an open gate here.
You see here a +0 leather armour.
You reach down and open the large door.
A shadow comes into view.
A shadow is nearby!
A shadow is nearby!
A vampire comes into view.
The shadow slips into darkness.
The shadow flickers and vanishes!
Deactivating autopickup; reactivate with Ctrl-A.
There is a large open door here.
Found an encrusted silver ring.
The shadow strikes at you from the darkness!
Reactivating autopickup.
You hit the vampire. You grab the vampire.
The vampire is lightly damaged.
You constrict the vampire. You slash the vampire!
The vampire is heavily damaged.
You constrict the vampire. The vampire hits you. The vampire bites you!
The shadow slips into darkness.
The shadow flickers and vanishes!
Deactivating autopickup; reactivate with Ctrl-A.
You miss something. You squeeze something.
You constrict the vampire, but do no damage.
The shadow strikes at you from the darkness!
* * * LOW HITPOINT WARNING * * *
Reactivating autopickup.
The vampire hits you!
* * * LOW HITPOINT WARNING * * *
The vampire bites you!
You die...
Your body crumbles into a pile of gold.

.....##..#
...#
#).....##
...###...#
=...#
#####...#
#### #...#
#...#
###.# +
#...#
#####...#
##.# #...#
#...#...#
#..# #...#
#...#.#.#
#.## ..#
#...'...#
#.#
#...'...#
#.#
#...#@#.#
#.#
#...#VW.#
#.#
#...##..#
#.# #...#
### #.#
#.#.#
#..[#####
##.# #[..#
#.......#
#..# #...#
#.....#.#
##.##
#...#
#.#.....#
#..# #...#
#...)...#
#.##


You could see a vampire and a shadow.

Vanquished Creatures
  A two-headed ogre (D:9)
  Pikel (D:9)
  A komodo dragon (D:9)
  A kobold demonologist (D:10)
  A troll (D:10)
  A hornet (D:9)
  Sigmund (D:6)
  3 vampires (D:10)
  A wraith (D:10)
  10 yaks
  3 shadows (D:10)
  Eustachio (D:5)
  A wyvern (D:10)
  2 steam dragons
  An acid dragon (D:10)
  3 orc warriors
  A black bear (D:6)
  2 sky beasts
  2 ogres
  A centaur (D:8)
  2 phantoms
  4 elf zombies (Ossuary)
  3 kobold brigands (D:10)
  3 bullfrogs
  5 gnoll sergeants
  2 scorpions
  8 wights
  6 killer bees (D:8)
  6 howler monkeys
  7 orc priests
  Crazy Yiuf (D:6)
  A bombardier beetle (D:5)
  3 human zombies (Ossuary)
  A hound (D:2)
  2 sleepcaps
  5 iguanas
  9 orc wizards
  2 crocodile zombies (Ossuary)
  2 spectral hounds (Ossuary)
  4 mummies (Ossuary)
  12 adders
  25 gnolls
  2 hound simulacra (Ossuary)
  2 shadow imps
  2 ufetubi
  2 spectral adders (Ossuary)
  3 spectral gnolls (Ossuary)
  2 adder simulacra (Ossuary)
  3 dart slugs
  6 ribbon worms (D:4)
  35 orcs
  7 bats
  5 endoplasms
  5 giant cockroaches
  3 gnoll zombies (Ossuary)
  6 goblins
  3 hobgoblins
  3 jackals (D:2)
  8 kobolds
  2 quokkas
  6 ball pythons
  7 frilled lizards
  2 gnoll simulacra (Ossuary)
  4 jackal simulacra (Ossuary)
  6 kobold zombies (Ossuary)
  7 orc zombies (Ossuary)
  9 rats
  A spectral jackal (Ossuary)
  A butterfly (D:4)
293 creatures vanquished.

Notes
Turn   | Place    | Note
-------+----------+-------------------------------------------
     0 | D:1      | bearlyready the Octopode Shapeshifter began the quest for
                  | the Orb.
     0 | D:1      | Reached XP level 1. HP: 13/13 MP: 1/1
   274 | D:1      | Reached XP level 2. HP: 18/18 MP: 2/2
   524 | D:1      | You fall into a shaft and drop 1 floor!
   545 | D:2      | Reached XP level 3. HP: 16/23 MP: 3/3
   547 | D:2      | Found a shadowy altar of Dithmenos.
   637 | D:2      | Reached XP level 4. HP: 28/28 MP: 4/4
   855 | D:2      | Found Petosaaki's Book Emporium.
   884 | D:2      | Found Iwkaw's Book Shop.
  1011 | D:2      | Found Toemp's Weapon Shoppe.
  1233 | D:2      | Found Xihovof's Armour Shoppe.
  1371 | D:3      | Reached XP level 5. HP: 33/33 MP: 5/5
  1558 | D:3      | Found a glowing golden altar of the Shining One.
  1559 | D:3      | Found a blossoming altar of Fedhas.
  1581 | D:3      | Found Xuatwor's Antique Weapon Boutique.
  2087 | D:3      | Reached skill level 5 in Unarmed Combat
  2245 | D:4      | Noticed an ogre
  2253 | D:4      | Reached XP level 6. HP: 38/38 MP: 6/6
  2275 | D:3      | Reached skill level 1 in Evocations
  2335 | D:4      | Reached skill level 5 in Shapeshifting
  2407 | D:4      | Found a staircase to the Ecumenical Temple.
  2417 | Temple   | Entered the Ecumenical Temple
  2433 | Temple   | Became a worshipper of Gozag Ym Sagoz the Greedy
  2742 | D:4      | Reached XP level 7. HP: 37/43 MP: 7/7
  2814 | D:5      | Entered Level 5 of the Dungeon
  3198 | D:5      | Reached XP level 8. HP: 47/48 MP: 8/8
  3326 | D:5      | Noticed Eustachio
  3342 | D:5      | Killed Eustachio
  3935 | D:6      | Found a shimmering altar of Xom.
  4042 | D:6      | Found a hide-covered altar of Uskayaw.
  4204 | D:6      | Found the +6 shillelagh "Devastator" {shatter}
  4216 | D:6      | Found a runed translucent door.
  4217 | D:6      | Noticed Crazy Yiuf
  4223 | D:6      | Killed Crazy Yiuf
  4327 | D:6      | Noticed Sigmund
  4333 | D:6      | Killed Sigmund
  4334 | D:6      | Reached XP level 9. HP: 36/53 MP: 9/9
  4456 | D:7      | Found a sand-covered staircase.
  4461 | Ossuary  | Entered an ossuary
  4985 | D:7      | Identified the +1 ring mail "Ujeme" {Harm}
  5113 | D:7      | Found Eppyhen's Book Boutique.
  5796 | D:7      | Reached skill level 10 in Shapeshifting
  5882 | D:8      | Reached XP level 10. HP: 58/58 MP: 10/10
  6034 | D:7      | Bought a manual of Fighting for 1280 gold pieces
  6522 | D:9      | Noticed a two-headed ogre
  6618 | D:9      | Noticed a two-headed ogre
  6715 | D:9      | Identified 3 scrolls of acquirement
  6731 | D:8      | Acquired the ring "Fesunt" {MP+9 Dex+3 Slay+3}
  6734 | D:8      | Acquired a manual of Unarmed Combat
  6736 | D:8      | Acquired 683 gold pieces
  6831 | D:9      | Found a runed translucent gate.
  6831 | D:9      | Found a runed translucent gate.
  6831 | D:9      | Found a runed translucent gate.
  6881 | D:9      | Reached skill level 5 in Fighting
  6991 | D:9      | Killed a two-headed ogre
  6992 | D:9      | Reached skill level 10 in Unarmed Combat
  7139 | D:9      | Noticed Pikel
  7146 | D:9      | Killed Pikel
  7147 | D:9      | Reached XP level 11. HP: 55/75 MP: 11/11
  7285 | D:10     | Entered Level 10 of the Dungeon
  7766 | D:10     | Found Ruomev's General Store.
  7773 | D:10     | Bought a scroll of teleportation for 45 gold pieces
  7773 | D:10     | Bought a scroll of blinking for 112 gold pieces
  7782 | D:10     | Found Amiekk's Gadget Gallery.
  7799 | D:10     | Bought a condenser vane for 440 gold pieces
  7903 | D:10     | Reached skill level 1 in Stealth
  7939 | D:10     | Slain by a vampire

Illustrated notes

Levels and vault maps discovered:
D:1:      scummos_arrival_star, layout_loops_ring
D:2:      layout_rooms, basic_altar, serial_shops, shop,
          nicolae_shop_tiny_glass, shop, shop
D:3:      layout_basic, jmf_multi_god_temple, serial_shops,
          nicolae_shop_advertising_works [nicolae_subvault_shop_adworks]
D:4:      minmay_wonky_spiral, layout_rooms, minmay_temple_entry_butterflies,
          roderic_cross_of_infinity, nicolae_wormholes
D:5:      layout_gridville, uniq_eustachio
D:6:      layout_basic, mainiacjoe_overflow_swirl, uniq_sigmund,
          uniq_crazy_yiuf_cottage
D:7:      layout_basic, enter_ossuary_5, serial_shops, shop,
          eino_small_chamber_without_monster, kennysheep_generic_room_14
D:8:      layout_rooms
D:9:      layout_gridville, david_lair_shrubbed, gammafunk_ghost_icy,
          nicolae_kite_square_tiling_tiny, uniq_pikel
D:10:     regret_index_dithmenos_penumbral_divide, layout_basic, serial_shops,
          shop, nicolae_shop_gadgets
Temple:   regret_index_temple_mists

Skill      XL: |  1  2  3  4  5  6  7  8  9 10 11 |
---------------+----------------------------------+-----
Unarmed Combat | 4 5 6 8 10 11 | 11.7
Shapeshifting  | 4 5 6 8 10 11 | 11.5
Evocations     | 2 4 |  4.3
Fighting       | 7 8 |  8.9
Dodging        | 3 |  3.3
Stealth        | 1 |  1.5

Action                     |  1- 3 |  4- 6 |  7- 9 | 10-12 || total
---------------------------+-------+-------+-------+-------++-------
  Melee: Unarmed           |    40 |   138 |   353 |   207 ||   738
         Constrict         |     9 |    44 |    90 |    42 ||   185
         Tentacles         |     7 |    25 |    99 |    60 ||   191
         Punch             |     1 |     5 |     3 |    10 ||    19
  Throw: Stone             |       |    15 |       |       ||    15
         Dart              |       |     1 |     4 |       ||     5
         Boomerang         |       |       |     3 |       ||     3
Ability: Begin Untransform |       |       |     1 |     1 ||     2
  Evoke: Wand              |       |       |       |     5 ||     5
    Use: Scroll            |       |       |     8 |     8 ||    16
         Potion            |       |       |     2 |     2 ||     4
   Stab: Sleeping          |     2 |     8 |     2 |     2 ||    14
         Distracted        |       |     1 |     2 |       ||     3
         Invisible         |       |     3 |       |       ||     3
 Armour: Skin              |    11 |    49 |   113 |    76 ||   249
  Dodge: Dodged            |    28 |    54 |   249 |   149 ||   480
   Form: Flux              |       |       |     1 |       ||     1
         Blade             |       |       |       |     1 ||     1
